[Event "TUR-chT Superleague 2018"]
[Site "Ankara"]
[Date "2018.08.01"]
[Round "8"]
[White "Ozturk, Kubra"]
[Black "Atalik, Ekaterina"]
[Result "1/2-1/2"]
[ECO "D85"]
[WhiteElo "2330"]
[BlackElo "2461"]
[Annotator "ChessBase"]
[PlyCount "108"]
[EventDate "2018.07.25"]
[EventType "team-tourn"]
[EventCountry "TUR"]
[SourceTitle "playchess.com"]
[Source "ChessBase"]
[SourceQuality "1"]
[TimeControl "40/5400+30:1800+30"]

1. d4 Nf6 2. c4 g6 3. Nc3 d5 4. cxd5 Nxd5 5. e4 Nxc3 6. bxc3 Bg7 7. Qa4+ Nd7 8. Nf3 O-O 9. Be2 c5 10. O-O Nb6 11. Qa3 cxd4 12. cxd4 Bg4 13. Bg5 Re8 14. Rad1 Qd6 15. Qe3 Rac8 16. Bf4 Qb4 17. Rb1 Qc3 18. d5 Qxe3 19. Bxe3 Rc2 20. Bb5 Ra8 21. a4 Nc4 22. Bxc4 Rxc4 23. Nd2 Rxa4 24. Rxb7 Bf8 25. f3 Bc8 26. Rc7 a5 27. Nc4 Rxc4 28. Rxc4 Ba6 29. Ra4 Bb5 30. Rfa1 Bxa4 31. Rxa4 Bg7 32. Bd2 Rb8 33. Rxa5 Bd4+ 34. Kf1 Rb1+ 35. Ke2 f6 36. Kd3 Be5 37. g3 g5 38. Ra7 Kf8 39. f4 gxf4 40. gxf4 Bd6 41. Ra8+ Kf7 42. Rh8 Kg7 43. Rc8 Rd1 44. Ke2 Rh1 45. Kf3 Rxh2 46. Bc3 Rh3+ 47. Kg4 Re3 48. Kf5 Rf3 49. e5 fxe5 50. Bxe5+ Bxe5 51. Kxe5 Kf7 52. Rh8 Kg7 53. Re8 Kf7 54. Rh8 Kg7 1/2-1/2

[Event "TUR-chT Superleague 2018"]
[Site "Ankara"]
[Date "2018.08.01"]
[Round "8"]
[White "Sari, Yasin"]
[Black "Tuncer, Tuna"]
[Result "1/2-1/2"]
[ECO "D12"]
[WhiteElo "2299"]
[BlackElo "2328"]
[Annotator "NA"]
[PlyCount "111"]
[EventDate "2018.07.25"]
[EventType "team-tourn"]
[EventCountry "TUR"]
[SourceTitle "playchess.com"]
[Source "ChessBase"]
[SourceQuality "1"]
[TimeControl "40/5400+30:1800+30"]

1. d4 d5 2. c4 c6 3. Nf3 Nf6 4. e3 Bf5 5. Nh4 Be4 6. Nc3 e6 7. f3 Bg6 8. Qb3 Qc7 9. Bd2 Be7 10. Nxg6 hxg6 11. O-O-O a6 12. Kb1 dxc4 13. Bxc4 b5 14. Be2 c5 15. dxc5 Nbd7 16. Rc1 Nxc5 17. Qc2 O-O 18. g4 Qb7 19. g5 Nh5 20. a3 Bxg5 21. f4 Bf6 22. b4 Nd7 23. Ne4 Rac8 24. Qd3 Qd5 25. Nd6 Rxc1+ 26. Rxc1 Be7 27. Nc8 Bh4 28. Qxd5 exd5 29. a4 Ndf6 30. Nd6 Rd8 31. Rc6 Ne4 32. Nxe4 dxe4 33. Kc2 bxa4 34. Rxa6 Rc8+ 35. Kd1 Rd8 36. Rxa4 Nxf4 37. exf4 e3 38. Ra2 Be7 39. Kc1 exd2+ 40. Rxd2 Rxd2 41. Kxd2 Bxb4+ 42. Ke3 Be1 43. Kf3 f5 44. Bc4+ Kf8 45. Bb3 Ke7 46. h3 Kf6 47. Bc4 Ba5 48. Bd5 Bc7 49. Bc6 Bd6 50. Bd5 g5 51. fxg5+ Kxg5 52. Kg2 Kf4 53. Bc6 g5 54. Bd7 g4 55. hxg4 fxg4 56. Bxg4 1/2-1/2

[Event "TUR-chT Superleague 2018"]
[Site "Ankara"]
[Date "2018.08.01"]
[Round "8"]
[White "Yaran, Siar"]
[Black "Yilmaz, Goktan"]
[Result "1/2-1/2"]
[ECO "D61"]
[WhiteElo "2240"]
[BlackElo "2233"]
[Annotator "NA"]
[PlyCount "113"]
[EventDate "2018.07.25"]
[EventType "team-tourn"]
[EventCountry "TUR"]
[SourceTitle "playchess.com"]
[Source "ChessBase"]
[SourceQuality "1"]
[TimeControl "40/5400+30:1800+30"]

1. c4 e6 2. Nc3 d5 3. d4 Nf6 4. Bg5 Be7 5. e3 Nbd7 6. Nf3 O-O 7. Qc2 c5 8. Rd1 Qa5 9. cxd5 Nxd5 10. Bxe7 Nxe7 11. Be2 Nf6 12. O-O Bd7 13. Ne5 cxd4 14. Nxd7 Nxd7 15. Rxd4 Ne5 16. Rfd1 N7c6 17. Ra4 Qb6 18. Rh4 Ng6 19. Na4 Qa5 20. Rc4 Rfd8 21. Rc5 Rxd1+ 22. Qxd1 Rd8 23. Rxa5 Rxd1+ 24. Bxd1 Nxa5 25. Kf1 Kf8 26. Ke1 Ke7 27. Kd2 Ne5 28. Be2 Nac4+ 29. Kc2 Nd6 30. Nc3 Nc6 31. a3 f5 32. f4 e5 33. Kd3 e4+ 34. Kc2 Ke6 35. b4 Ne7 36. Kb3 Nd5 37. Nxd5 Kxd5 38. Kc3 a6 39. Bf1 Nc8 40. Bc4+ Kd6 41. g4 Ne7 42. Bf7 h6 43. gxf5 Nxf5 44. Kd2 Ne7 45. Bb3 b6 46. Bc2 Kd5 47. Bb3+ Kd6 48. Bc4 a5 49. bxa5 bxa5 50. Ba6 Nd5 51. Bb7 Kc5 52. h4 Kc4 53. Bc8 Nf6 54. Be6+ Kc5 55. Bf5 Kc4 56. Kc2 Nd5 57. Be6 1/2-1/2

[Event "TUR-chT Superleague 2018"]
[Site "Ankara"]
[Date "2018.08.01"]
[Round "8"]
[White "Samani, Yamac"]
[Black "Gulden, Egemen"]
[Result "1/2-1/2"]
[ECO "B52"]
[WhiteElo "2217"]
[BlackElo "2003"]
[Annotator "NA"]
[PlyCount "60"]
[EventDate "2018.07.25"]
[EventType "team-tourn"]
[EventCountry "TUR"]
[SourceTitle "playchess.com"]
[Source "ChessBase"]
[SourceQuality "1"]
[TimeControl "40/5400+30:1800+30"]

1. e4 c5 2. Nf3 d6 3. Bb5+ Bd7 4. Bxd7+ Qxd7 5. O-O g6 6. c3 e5 7. d4 Bg7 8. Be3 b6 9. Na3 Ne7 10. dxe5 dxe5 11. Nc4 Qxd1 12. Raxd1 Nec6 13. Rd5 f6 14. Nd6+ Ke7 15. Rfd1 Rd8 16. b4 cxb4 17. cxb4 Rd7 18. b5 Nd8 19. Bd2 Nf7 20. Bb4 Nxd6 21. Bxd6+ Ke8 22. Rc1 Rd8 23. Rc7 Nd7 24. Bb4 Bf8 25. Bxf8 Nxf8 26. Rxd8+ Rxd8 27. g3 Rd7 28. Rc8+ Rd8 29. Rc7 Rd7 30. Rc8+ Rd8 1/2-1/2

[Event "TUR-chT Superleague 2018"]
[Site "Ankara"]
[Date "2018.08.01"]
[Round "8"]
[White "Gulbeyaz, Emir"]
[Black "Ozcan, Kaan"]
[Result "1-0"]
[ECO "D78"]
[WhiteElo "2208"]
[BlackElo "1523"]
[Annotator "NA"]
[PlyCount "115"]
[EventDate "2018.07.25"]
[EventType "team-tourn"]
[EventCountry "TUR"]
[SourceTitle "playchess.com"]
[Source "ChessBase"]
[SourceQuality "1"]
[TimeControl "40/5400+30:1800+30"]

1. Nf3 Nf6 2. g3 g6 3. Bg2 Bg7 4. O-O O-O 5. d4 d5 6. c4 c6 7. Nbd2 Nbd7 8. Qc2 dxc4 9. Nxc4 Nb6 10. Nxb6 Qxb6 11. e4 Bg4 12. Be3 Bxf3 13. Bxf3 Qd8 14. Rfd1 e6 15. Rab1 Rc8 16. b4 Qe7 17. Qc5 Rfe8 18. Qxa7 Ra8 19. Qc5 Rxa2 20. Qxe7 Rxe7 21. b5 Ra8 22. Rdc1 Rc8 23. d5 exd5 24. exd5 c5 25. Rxc5 Rxc5 26. Bxc5 Rd7 27. Ra1 h5 28. Ra8+ Kh7 29. d6 Ng4 30. Bc6 Ne5 31. Bxd7 Nxd7 32. Rc8 Be5 33. Bb4 Kg7 34. Bc3 Kf6 35. Bxe5+ Kxe5 36. Rc7 Kxd6 37. Rxb7 f5 38. Ra7 Ne5 39. f4 Nf3+ 40. Kf2 Nxh2 41. Ra6+ Kc5 42. Rxg6 Kxb5 43. Rg5 Ng4+ 44. Kf3 Kc6 45. Rxf5 Kd7 46. Rxh5 Nf6 47. Rh6 Ke7 48. g4 Kf7 49. g5 Ne8 50. f5 Ng7 51. Kg4 Ne8 52. Rh7+ Kg8 53. Ra7 Nd6 54. f6 Nc4 55. g6 Ne5+ 56. Kf5 Nxg6 57. Kxg6 Kh8 58. Ra8# 1-0

[Event "TUR-chT Superleague 2018"]
[Site "Ankara"]
[Date "2018.08.01"]
[Round "8"]
[White "Kamer, Kayra"]
[Black "Tarlabasi, Emirhan"]
[Result "1-0"]
[ECO "A00"]
[WhiteElo "2208"]
[BlackElo "2174"]
[Annotator "NA"]
[PlyCount "176"]
[EventDate "2018.07.25"]
[EventType "team-tourn"]
[EventCountry "TUR"]
[SourceTitle "playchess.com"]
[Source "ChessBase"]
[SourceQuality "1"]
[TimeControl "40/5400+30:1800+30"]

1. g3 d5 2. Bg2 Nf6 3. d3 e6 4. e4 Be7 5. Nc3 O-O 6. f4 dxe4 7. dxe4 Qxd1+ 8. Nxd1 Nbd7 9. e5 Nd5 10. Ne3 N7b6 11. Nxd5 Nxd5 12. c4 Nb4 13. Be4 Bd7 14. Nf3 Bc6 15. Bxc6 Nxc6 16. Ke2 a5 17. Be3 a4 18. Rhd1 Rfd8 19. Nd4 Nxd4+ 20. Bxd4 Kf8 21. Ke3 Ke8 22. Ke4 Rd7 23. Bc3 Rxd1 24. Rxd1 Rd8 25. Rf1 c6 26. Ba5 Rd7 27. b3 Bc5 28. Bc3 b5 29. cxb5 cxb5 30. Rc1 axb3 31. axb3 Bb6 32. Ra1 Ra7 33. Rd1 Rd7 34. Bd4 Bd8 35. Ra1 Rb7 36. Bc5 g6 37. g4 f5+ 38. exf6 Bxf6 39. Ra8+ Kf7 40. Rf8+ Kg7 41. g5 Bb2 42. Rc8 h5 43. gxh6+ Kxh6 44. Rc6 Kh5 45. Rxe6 Rf7 46. Bd6 Rf5 47. Be5 Bc1 48. Rb6 Rf7 49. Rxb5 Kg4 50. Rb6 g5 51. fxg5 Bxg5 52. b4 Rf2 53. Rb7 Re2+ 54. Kd5 Rd2+ 55. Ke6 Re2 56. Kd5 Rd2+ 57. Kc4 Kf5 58. Bg3 Ke6 59. Kb5 Be7 60. Rc7 Rd5+ 61. Kc4 Rd1 62. b5 Rc1+ 63. Kd3 Rb1 64. Rb7 Bd8 65. Kc2 Rb4 66. Kc3 Ba5 67. Kd3 Kd5 68. Rd7+ Ke6 69. Rd6+ Ke7 70. Rd5 Rb2 71. Ke4 Ke6 72. Re5+ Kf6 73. Rc5 Ke6 74. h4 Rb4+ 75. Kf3 Kf6 76. Be5+ Ke6 77. Bf4 Kf7 78. Kg4 Bb6 79. Rf5+ Ke6 80. h5 Rb1 81. Re5+ Kf6 82. Rd5 Kg7 83. h6+ Kg8 84. Kf5 Rf1 85. Re5 Kf7 86. h7 Rh1 87. Re6 Rh5+ 88. Kg4 Bd4 1-0

[Event "TUR-chT Superleague 2018"]
[Site "Ankara"]
[Date "2018.08.01"]
[Round "8"]
[White "Eren, Ataberk"]
[Black "Kilic, Efe Mert"]
[Result "0-1"]
[ECO "B08"]
[WhiteElo "2193"]
[BlackElo "2317"]
[Annotator "NA"]
[PlyCount "78"]
[EventDate "2018.07.25"]
[EventType "team-tourn"]
[EventCountry "TUR"]
[SourceTitle "playchess.com"]
[Source "ChessBase"]
[SourceQuality "1"]
[TimeControl "40/5400+30:1800+30"]

1. e4 d6 2. d4 Nf6 3. Nc3 g6 4. Be3 Bg7 5. h3 c6 6. Nf3 O-O 7. Bd3 Nbd7 8. Qd2 e5 9. O-O Qc7 10. a4 Re8 11. Rfe1 exd4 12. Bxd4 Ne5 13. Be2 b6 14. b4 Bb7 15. a5 Rad8 16. b5 c5 17. Bxe5 dxe5 18. Qe3 Rd4 19. axb6 axb6 20. Nd2 Red8 21. Rad1 Ne8 22. Bc4 Nd6 23. Bd5 Qd7 24. f3 Nxb5 25. Nxb5 Bxd5 26. Nxd4 exd4 27. Qd3 Be6 28. Rb1 Qc7 29. Qb5 Rb8 30. Nc4 Qg3 31. Nxb6 Bxh3 32. Qf1 d3 33. e5 dxc2 34. Rbc1 Rxb6 35. Kh1 Bf5 36. Qe2 Rb1 37. Qe3 Qh4+ 38. Kg1 Qd4 39. Kf2 Bh6 0-1

[Event "TUR-chT Superleague 2018"]
[Site "Ankara"]
[Date "2018.08.01"]
[Round "8"]
[White "Gunduz, Umut Erdem"]
[Black "Cansun, Can Alp"]
[Result "0-1"]
[ECO "B48"]
[WhiteElo "2174"]
[BlackElo "1990"]
[Annotator "NA"]
[PlyCount "72"]
[EventDate "2018.07.25"]
[EventType "team-tourn"]
[EventCountry "TUR"]
[SourceTitle "playchess.com"]
[Source "ChessBase"]
[SourceQuality "1"]
[TimeControl "40/5400+30:1800+30"]

1. e4 c5 2. Nf3 e6 3. d4 cxd4 4. Nxd4 Nc6 5. Nc3 Qc7 6. Be3 a6 7. a3 Nf6 8. Nb3 b5 9. f4 d6 10. g4 h6 11. Bg2 Bb7 12. Qe2 Be7 13. h4 h5 14. g5 Ng4 15. Rh3 Nxe3 16. Rxe3 Na5 17. Nxa5 Qxa5 18. O-O-O b4 19. axb4 Qxb4 20. Nd5 exd5 21. exd5 O-O 22. Rxe7 Bc8 23. Qe4 Qa5 24. Kb1 Rb8 25. g6 fxg6 26. Qxg6 Qc3 27. Kc1 Qxb2+ 28. Kd2 Bf5 29. Qg5 Qxc2+ 30. Ke1 Qc3+ 31. Kf2 Bg4 32. Rde1 Qd4+ 33. Kg3 Rf5 34. Re8+ Rxe8 35. Rxe8+ Kh7 36. Be4 Qg1+ 0-1

[Event "TUR-chT Superleague 2018"]
[Site "Ankara"]
[Date "2018.08.01"]
[Round "8"]
[White "Tofan, Ibrahim"]
[Black "Ozoglu, Berker"]
[Result "1/2-1/2"]
[ECO "A39"]
[WhiteElo "2169"]
[BlackElo "1843"]
[Annotator "NA"]
[PlyCount "122"]
[EventDate "2018.07.25"]
[EventType "team-tourn"]
[EventCountry "TUR"]
[SourceTitle "playchess.com"]
[Source "ChessBase"]
[SourceQuality "1"]
[TimeControl "40/5400+30:1800+30"]

1. Nf3 c5 2. c4 g6 3. g3 Bg7 4. Bg2 Nc6 5. O-O Nf6 6. Nc3 O-O 7. d4 d5 8. dxc5 dxc4 9. Qa4 Qa5 10. Qxc4 Be6 11. Qh4 Qxc5 12. Ng5 Qc4 13. e4 h5 14. Nxe6 Qxe6 15. h3 Ne5 16. Nd5 Nxd5 17. exd5 Qb6 18. Qxe7 Rfe8 19. Qa3 Nc4 20. Qd3 Nxb2 21. Bxb2 Qxb2 22. Rab1 Qd4 23. Qxd4 Bxd4 24. Rxb7 Rab8 25. Rxb8 Rxb8 26. Rd1 Bb6 27. d6 Kf8 28. Bc6 Rd8 29. Rd5 Rc8 30. Ba4 Rc4 31. Bb3 Rd4 32. Rxd4 Bxd4 33. Kg2 f6 34. f4 Ke8 35. Kf3 Kd7 36. Bf7 g5 37. Bxh5 Kxd6 38. Bg6 Ke7 39. Kg4 Be3 40. Kf3 gxf4 41. g4 Kf8 42. h4 Kg7 43. Be4 Bc1 44. Bc6 Be3 45. a4 a5 46. Ke2 Kg6 47. Kf3 Kg7 48. Bb5 Kg6 49. Bd3+ Kg7 50. Be4 Bd2 51. Ke2 Be3 52. Bc6 Kh6 53. Kf3 Kg7 54. Ke4 Bf2 55. h5 Bh4 56. Kf5 f3 57. Bxf3 Bg5 58. Ke6 Bh6 59. Be4 Bg5 60. Bf5 Bh6 61. Kd7 Bg5 1/2-1/2

[Event "TUR-chT Superleague 2018"]
[Site "Ankara"]
[Date "2018.08.01"]
[Round "8"]
[White "Oksuz, Akin"]
[Black "Benidze, Davit"]
[Result "0-1"]
[ECO "A43"]
[WhiteElo "2167"]
[BlackElo "2488"]
[Annotator "ChessBase"]
[PlyCount "108"]
[EventDate "2018.07.25"]
[EventType "team-tourn"]
[EventCountry "TUR"]
[SourceTitle "playchess.com"]
[Source "ChessBase"]
[SourceQuality "1"]
[TimeControl "40/5400+30:1800+30"]

1. d4 g6 2. e4 Bg7 3. c4 d6 4. Nc3 c5 5. d5 e6 6. Bd3 Ne7 7. Nf3 O-O 8. O-O e5 9. Ne1 Nd7 10. Bg5 h6 11. Bh4 g5 12. Bg3 f5 13. exf5 Nxf5 14. Nc2 Nf6 15. Ne4 Nxe4 16. Bxe4 Qe8 17. a3 Bd7 18. Qd3 b5 19. b3 Rb8 20. Rab1 Qe7 21. f3 a5 22. Rfe1 Nxg3 23. hxg3 h5 24. Bh7+ Kh8 25. Bg6 g4 26. Kf2 Qg5 27. Ne3 Bh6 28. Rh1 bxc4 29. Nxc4 Rf6 30. Be4 Rbf8 31. Qe3 Qg7 32. Rxh5 Kg8 33. Qd3 gxf3 34. gxf3 Bg4 35. Rh4 Bxf3 36. Bxf3 Bg5 37. Rg4 Rxf3+ 38. Qxf3 Rxf3+ 39. Kxf3 Qf7+ 40. Ke2 Qf5 41. Rxg5+ Qxg5 42. Rf1 Qg4+ 43. Kf2 Qd4+ 44. Ne3 e4 45. Re1 Qb2+ 46. Kg1 Qxb3 47. Nf5 Qf3 48. Rf1 Qxa3 49. Kg2 Qb2+ 50. Kh3 Qe5 51. Kg4 e3 52. Re1 e2 53. Kg5 a4 54. Kg6 a3 0-1

[Event "TUR-chT Superleague 2018"]
[Site "Ankara"]
[Date "2018.08.01"]
[Round "8"]
[White "Ozbay, Ece"]
[Black "Yorgun, Yaren Naz"]
[Result "1-0"]
[ECO "C96"]
[WhiteElo "2140"]
[BlackElo "1725"]
[Annotator "NA"]
[PlyCount "57"]
[EventDate "2018.07.25"]
[EventType "team-tourn"]
[EventCountry "TUR"]
[SourceTitle "playchess.com"]
[Source "ChessBase"]
[SourceQuality "1"]
[TimeControl "40/5400+30:1800+30"]

1. e4 e5 2. Nf3 Nc6 3. Bb5 a6 4. Ba4 Nf6 5. O-O Be7 6. Re1 b5 7. Bb3 d6 8. c3 O-O 9. h3 Na5 10. Bc2 d5 11. Nxe5 dxe4 12. b4 Bd6 13. f4 Nb7 14. d4 exd3 15. Bxd3 c5 16. Qf3 cxb4 17. Bd2 bxc3 18. Nxc3 Qb6+ 19. Kh2 Be6 20. Ne4 Nxe4 21. Bxe4 Rab8 22. Be3 Bc5 23. f5 Bc8 24. Nc6 Ra8 25. f6 Bd6+ 26. Kh1 Qc7 27. Bxh7+ Kxh7 28. Qh5+ Kg8 29. Qg5 1-0

[Event "TUR-chT Superleague 2018"]
[Site "Ankara"]
[Date "2018.08.01"]
[Round "8"]
[White "Karagollu, Ahmet"]
[Black "Kinsiz, Onur"]
[Result "1-0"]
[ECO "B31"]
[WhiteElo "2127"]
[BlackElo "2204"]
[Annotator "NA"]
[PlyCount "155"]
[EventDate "2018.07.25"]
[EventType "team-tourn"]
[EventCountry "TUR"]
[SourceTitle "playchess.com"]
[Source "ChessBase"]
[SourceQuality "1"]
[TimeControl "40/5400+30:1800+30"]

1. e4 c5 2. Nf3 Nc6 3. Bb5 g6 4. O-O Bg7 5. Re1 Nf6 6. c3 O-O 7. d4 cxd4 8. cxd4 d5 9. e5 Ne4 10. Nbd2 Nxd2 11. Bxd2 Qb6 12. Qa4 Bg4 13. Bxc6 bxc6 14. Ba5 Qb5 15. Qxb5 cxb5 16. Bb4 Bxf3 17. gxf3 Rfe8 18. Rac1 a5 19. Bd2 e6 20. Rc5 Reb8 21. Rec1 Bf8 22. Rc7 a4 23. Kf1 h5 24. Ke2 Kg7 25. Kd3 b4 26. Bg5 Re8 27. R1c6 Kg8 28. h3 Reb8 29. Rc1 Re8 30. Bd2 Reb8 31. Bg5 Re8 32. f4 Kg7 33. f3 Kg8 34. f5 exf5 35. Rd7 Rec8 36. Rxc8 Rxc8 37. Rxd5 a3 38. bxa3 bxa3 39. Rd8 Rxd8 40. Bxd8 Bg7 41. Bc7 g5 42. Bd8 Bh6 43. Be7 g4 44. hxg4 fxg4 45. fxg4 hxg4 46. Ke4 Bc1 47. d5 g3 48. Kf3 Bb2 49. Bf6 Kf8 50. Kxg3 Ke8 51. Kf4 Kd7 52. Kf5 Bc1 53. Bg5 Bb2 54. Be3 Bc3 55. Ke4 Bb2 56. Kf5 Bc3 57. Kf6 Bb2 58. Bc5 Ke8 59. Bd6 Bc1 60. e6 Bb2+ 61. Kf5 Bc1 62. Bb4 fxe6+ 63. Kxe6 Bf4 64. Bxa3 Kd8 65. Bd6 Bd2 66. Be7+ Kc8 67. d6 Ba5 68. d7+ Kb7 69. Kd5 Bb6 70. a4 Bc7 71. Kc5 Ba5 72. Kb5 Bb6 73. a5 Bc7 74. Bf6 Ka8 75. a6 Ka7 76. Bd4+ Ka8 77. Bb6 Bb8 78. a7 1-0

[Event "TUR-chT Superleague 2018"]
[Site "Ankara"]
[Date "2018.08.01"]
[Round "8"]
[White "Bozbey, Ali"]
[Black "Tasdogen, Dincer"]
[Result "0-1"]
[ECO "B31"]
[WhiteElo "2126"]
[BlackElo "2280"]
[Annotator "NA"]
[PlyCount "118"]
[EventDate "2018.07.25"]
[EventType "team-tourn"]
[EventCountry "TUR"]
[SourceTitle "playchess.com"]
[Source "ChessBase"]
[SourceQuality "1"]
[TimeControl "40/5400+30:1800+30"]

1. e4 c5 2. Na3 g6 3. c3 Bg7 4. Nf3 Nf6 5. e5 Nd5 6. Bc4 Nb6 7. O-O O-O 8. d4 cxd4 9. cxd4 d6 10. Bf4 dxe5 11. Bxe5 Nxc4 12. Nxc4 Be6 13. Bxg7 Kxg7 14. Ne3 Bd5 15. Ne5 Qd6 16. Qg4 Be6 17. Qe4 Nc6 18. Nxc6 bxc6 19. Rac1 Rfc8 20. b3 a5 21. Nc4 Qb4 22. Qe5+ Kg8 23. Qc5 Rd8 24. Qxc6 Rac8 25. Qb6 Bxc4 26. Qxb4 axb4 27. Rxc4 Rxc4 28. bxc4 Rxd4 29. Rc1 Rd2 30. c5 Rxa2 31. c6 Ra8 32. c7 Rc8 33. Kf1 b3 34. Rb1 Rxc7 35. Rxb3 Kg7 36. Ke2 Rc2+ 37. Ke3 Rc6 38. g3 e5 39. h4 Kf6 40. Ra3 Kf5 41. Ra7 Ke6 42. Ra3 h5 43. Rb3 Kf5 44. f3 Rc2 45. Rb4 Rg2 46. Re4 Rxg3 47. Kf2 Rg4 48. Re3 Rxh4 49. Kg3 Ra4 50. Rb3 f6 51. Rc3 g5 52. Rb3 h4+ 53. Kh3 e4 54. fxe4+ Rxe4 55. Rb5+ Kf4 56. Rb2 Re3+ 57. Kg2 f5 58. Rb4+ Re4 59. Rb3 Ke5 0-1

[Event "TUR-chT Superleague 2018"]
[Site "Ankara"]
[Date "2018.08.01"]
[Round "8"]
[White "Korkmaz, Necmettin"]
[Black "Keler, Faruk"]
[Result "0-1"]
[ECO "B23"]
[WhiteElo "2056"]
[BlackElo "2286"]
[Annotator "NA"]
[PlyCount "112"]
[EventDate "2018.07.25"]
[EventType "team-tourn"]
[EventCountry "TUR"]
[SourceTitle "playchess.com"]
[Source "ChessBase"]
[SourceQuality "1"]
[TimeControl "40/5400+30:1800+30"]

1. e4 c5 2. Nc3 d6 3. f4 Nc6 4. Nf3 g6 5. Bc4 Bg7 6. O-O e6 7. d3 Nge7 8. Qe1 Nd4 9. Nxd4 cxd4 10. Ne2 h6 11. b4 O-O 12. Bb3 e5 13. fxe5 dxe5 14. Qh4 Nc6 15. Qg3 Qd6 16. b5 Na5 17. Bd5 Be6 18. a4 Rfc8 19. Bxh6 Bxd5 20. Bxg7 Kxg7 21. exd5 Qxd5 22. Qg5 Rh8 23. Ng3 Qe6 24. Rae1 f6 25. Qd2 b6 26. Ne4 Raf8 27. c3 Nb3 28. Qc2 dxc3 29. Qxc3 Rc8 30. Qb4 Rhf8 31. Nd6 Rcd8 32. Ne4 Rxd3 33. Ng5 Qd6 34. Qc4 Qd4+ 35. Qxd4 Nxd4 36. Ne4 Ra3 37. Ra1 Rxa1 38. Rxa1 Rc8 39. Nd6 Rc2 40. a5 Rb2 41. axb6 axb6 42. Ra7+ Kh6 43. Rb7 Nxb5 44. Rxb6 Rb1+ 45. Kf2 Nc3 46. Ra6 Nd5 47. Nf7+ Kh5 48. Rd6 Rd1 49. h3 e4 50. Rd8 g5 51. g4+ Kg6 52. Nd6 e3+ 53. Ke2 Rd2+ 54. Kf3 Rf2+ 55. Kg3 Nf4 56. Re8 Ne2# 0-1

[Event "TUR-chT Superleague 2018"]
[Site "Ankara"]
[Date "2018.08.01"]
[Round "8"]
[White "Celik, Eda"]
[Black "Aydin, Gulenay"]
[Result "1-0"]
[ECO "B75"]
[WhiteElo "1976"]
[BlackElo "1894"]
[Annotator "NA"]
[PlyCount "83"]
[EventDate "2018.07.25"]
[EventType "team-tourn"]
[EventCountry "TUR"]
[SourceTitle "playchess.com"]
[Source "ChessBase"]
[SourceQuality "1"]
[TimeControl "40/5400+30:1800+30"]

1. e4 c5 2. Nf3 d6 3. d4 cxd4 4. Nxd4 Nf6 5. Nc3 g6 6. Be3 Bg7 7. f3 a6 8. Qd2 h5 9. Be2 Nbd7 10. O-O O-O 11. a4 Ne5 12. a5 Bd7 13. Na4 Bxa4 14. Rxa4 Rc8 15. c4 Qd7 16. b3 Nc6 17. Nc2 Rfe8 18. Ra2 e6 19. Rd1 Bf8 20. b4 Qe7 21. b5 Ne5 22. Na3 Ned7 23. Nc2 Nc5 24. Nd4 Red8 25. Bg5 Rd7 26. Rb2 Bg7 27. h4 Rdd8 28. bxa6 Nxa6 29. Rb6 Bf8 30. Nb5 Rc6 31. e5 Rxb6 32. axb6 Bg7 33. exf6 Bxf6 34. Bxf6 Qxf6 35. Qg5 Qxg5 36. hxg5 d5 37. cxd5 exd5 38. Nc7 Nxc7 39. bxc7 Rc8 40. Rc1 Kf8 41. Bb5 Ke7 42. Kf2 1-0

[Event "TUR-chT Superleague 2018"]
[Site "Ankara"]
[Date "2018.08.01"]
[Round "8"]
[White "Sade, Defne"]
[Black "Can, Isil"]
[Result "1-0"]
[ECO "C90"]
[WhiteElo "1968"]
[BlackElo "1862"]
[Annotator "NA"]
[PlyCount "91"]
[EventDate "2018.07.25"]
[EventType "team-tourn"]
[EventCountry "TUR"]
[SourceTitle "playchess.com"]
[Source "ChessBase"]
[SourceQuality "1"]
[TimeControl "40/5400+30:1800+30"]

1. e4 e5 2. Nf3 Nc6 3. Bb5 a6 4. Ba4 Nf6 5. O-O b5 6. Bb3 Be7 7. Re1 d6 8. a4 Bg4 9. c3 O-O 10. d3 Qd7 11. Nbd2 b4 12. Nf1 Rab8 13. Ba2 Bh5 14. Ng3 Bg6 15. Bg5 h6 16. Bd2 bxc3 17. bxc3 Bh7 18. h3 Rb7 19. Nh2 Rfb8 20. Ng4 Nxg4 21. hxg4 Bg6 22. Nf5 Bxf5 23. gxf5 Bf6 24. Qg4 Kh7 25. Re3 Qe7 26. Rh3 Rb2 27. Bc1 Rxa2 28. Rxa2 Rb1 29. Qd1 Bg5 30. Rd2 Na5 31. Qc2 Rxc1+ 32. Qxc1 Nb3 33. Qd1 Nxd2 34. g3 d5 35. f4 Qc5+ 36. Kh1 exf4 37. Qxd2 dxe4 38. dxe4 Qe5 39. Qd4 Qxd4 40. cxd4 f3 41. g4 Be3 42. d5 f2 43. Kg2 Bb6 44. Rc3 f6 45. Rc6 Bd4 46. Rxc7 1-0

[Event "TUR-chT Superleague 2018"]
[Site "Ankara"]
[Date "2018.08.01"]
[Round "8"]
[White "Ayan, Bengu Sena"]
[Black "Balajayeva, Khanim"]
[Result "1/2-1/2"]
[ECO "D26"]
[WhiteElo "1894"]
[BlackElo "2332"]
[Annotator "NA"]
[PlyCount "91"]
[EventDate "2018.07.25"]
[EventType "team-tourn"]
[EventCountry "TUR"]
[SourceTitle "playchess.com"]
[Source "ChessBase"]
[SourceQuality "1"]
[TimeControl "40/5400+30:1800+30"]

1. d4 d5 2. c4 dxc4 3. e3 Nf6 4. Bxc4 e6 5. Nf3 a6 6. O-O b5 7. Be2 Bb7 8. Ne5 Nbd7 9. Bf3 Qc8 10. Bc6 Bd6 11. Qf3 Bxc6 12. Nxc6 Qb7 13. Bd2 Nb8 14. Na5 Qxf3 15. gxf3 e5 16. dxe5 Bxe5 17. Bc3 Nbd7 18. Nc6 Bd6 19. e4 Nh5 20. Rd1 Nf4 21. Kf1 f6 22. Nd2 O-O 23. Nb3 Ne5 24. Nbd4 Rfe8 25. Bd2 Nxc6 26. Nxc6 Ng6 27. h3 Nh4 28. Ke2 f5 29. Bg5 Ng6 30. Rd4 f4 31. Rg1 Re6 32. h4 Ne5 33. Nxe5 Bxe5 34. Rd7 Rf8 35. Be7 Re8 36. Bb4 Rc6 37. Bc3 Bxc3 38. bxc3 g6 39. h5 Re5 40. hxg6 hxg6 41. Rh1 Rh5 42. Rg1 Rhc5 43. Rh1 Rh5 44. Rg1 Rhc5 45. Rh1 Rh5 46. Rg1 1/2-1/2

[Event "TUR-chT Superleague 2018"]
[Site "Ankara"]
[Date "2018.08.01"]
[Round "8"]
[White "Erece, Ece Alkim"]
[Black "Ozbek, Busra"]
[Result "0-1"]
[ECO "E61"]
[WhiteElo "1788"]
[BlackElo "1848"]
[Annotator "NA"]
[PlyCount "82"]
[EventDate "2018.07.25"]
[EventType "team-tourn"]
[EventCountry "TUR"]
[SourceTitle "playchess.com"]
[Source "ChessBase"]
[SourceQuality "1"]
[TimeControl "40/5400+30:1800+30"]

1. d4 d6 2. Nf3 g6 3. e3 Bg7 4. Bd3 Nf6 5. O-O O-O 6. c4 Nbd7 7. Nc3 e5 8. Bc2 c6 9. b3 Re8 10. a4 Qa5 11. Bd2 Qc7 12. d5 a5 13. e4 Nc5 14. Qe2 h6 15. Rad1 Na6 16. Bc1 Nd7 17. Qd2 Bf8 18. Ne2 Ndc5 19. Ng3 Qb6 20. Qe3 Nb4 21. Bb1 Qa6 22. Nh4 cxd5 23. cxd5 b5 24. axb5 Qa7 25. Nf3 Bd7 26. Ba3 Bxb5 27. Rfe1 Rec8 28. Qd2 Nxb3 29. Qb2 Ba4 30. Bxb4 axb4 31. Bc2 Rxc2 32. Qxc2 Nc5 33. Qb2 Bxd1 34. Rxd1 b3 35. Nd2 Nd3 36. Qxb3 Qxf2+ 37. Kh1 Ne1 38. Rxe1 Qxe1+ 39. Ngf1 Ra1 40. Qd3 Rd1 41. Kg1 Be7 0-1

[Event "TUR-chT Superleague 2018"]
[Site "Ankara"]
[Date "2018.08.01"]
[Round "8"]
[White "Yildirim, Ibrahim Halil"]
[Black "Ozenir, Ekin Baris"]
[Result "0-1"]
[ECO "B00"]
[WhiteElo "1783"]
[BlackElo "2314"]
[Annotator "NA"]
[PlyCount "136"]
[EventDate "2018.07.25"]
[EventType "team-tourn"]
[EventCountry "TUR"]
[SourceTitle "playchess.com"]
[Source "ChessBase"]
[SourceQuality "1"]
[TimeControl "40/5400+30:1800+30"]

1. e4 Nc6 2. Nc3 e6 3. d4 Bb4 4. a3 Bxc3+ 5. bxc3 d6 6. Bd3 Nge7 7. Ne2 O-O 8. O-O e5 9. f4 Bg4 10. d5 Nb8 11. f5 Nd7 12. Qe1 f6 13. Ng3 Qe8 14. Be3 Bh5 15. Nxh5 Qxh5 16. Rf3 Qf7 17. Rh3 Rfc8 18. Qh4 Nf8 19. Rf1 c6 20. c4 a6 21. c5 cxd5 22. cxd6 Nc6 23. exd5 Nb8 24. c4 Nbd7 25. Qf2 e4 26. Be2 Ne5 27. Rc1 b5 28. c5 Qxd5 29. Rd1 Qc6 30. Qf4 Ned7 31. Rc1 Qd5 32. Rd1 Qc6 33. Rc1 Qd5 34. Qf2 Kh8 35. Bf1 Ne5 36. Bf4 Rc6 37. Bxe5 Qxe5 38. Rhc3 Rac8 39. Qa2 Qxf5 40. Qf7 Qd7 41. Qxd7 Nxd7 42. Kf2 f5 43. Ke3 h5 44. Kd4 g6 45. R3c2 Kg7 46. a4 bxa4 47. Bxa6 Rxa6 48. c6 Kf6 49. Kd5 Ra5+ 50. Kd4 Ke6 51. cxd7 Rd8 52. Rc5 Rxc5 53. Kxc5 Rxd7 54. Ra1 Rxd6 55. Rxa4 Rd2 56. Ra6+ Kf7 57. h4 Rxg2 58. Kd4 Rg4 59. Ke5 e3 60. Ra7+ Ke8 61. Kf6 Re4 62. Ra8+ Kd7 63. Ra7+ Kc8 64. Ra8+ Kb7 65. Ra1 e2 66. Re1 f4 67. Kxg6 f3 68. Kf5 Re8 0-1